 Dungeon Crawl Stone Soup version 0.21.1-1-g345015f (webtiles) character file.

1633 Echep the Gusty (level 8, -3/66 HPs)
             Began as a Yellow Draconian Air Elementalist on June 19, 2018.
             Was a Believer of Qazlal.
             Killed from afar by an orc wizard (4 damage)
             ... with a magic dart
             ... on level 7 of the Dungeon.
             The game lasted 00:31:51 (6111 turns).

Echep the Gusty (Yellow Draconian Air Elementalist) Turns: 6111, Time: 00:31:51

Health: -3/66      AC:  6    Str: 11    XL:     8   Next: 66%
Magic:  4/15       EV: 16    Int: 17    God:    Qazlal [**....]
Gold:   299        SH:  2    Dex: 12    Spells: 4/17 levels left

rFire    . . .     SeeInvis .   m - +0 dagger (drain)
rCold    . . .     Gourm    .   (no shield)
rNeg     . . .     Faith    .   (armour unavailable)
rPois    .         Spirit   .   (helmet restricted)
rElec    .         Reflect  .   (no cloak)
rCorr    +         Harm     .   (no gloves)
MR       .....                  (no boots)
Stlth    ++........             r - amulet of rage
HPRegen  0.21/turn              h - +4 ring of evasion
MPRegen  0.14/turn              g - ring of wizardry

@: no status effects
A: spit acid, acid resistance, unfitting armour, cold-blooded, AC +6
a: Breathe Acid, Upheaval, Renounce Religion, Evoke Berserk Rage


You were on level 7 of the Dungeon.
You worshipped Qazlal.
Qazlal was pleased with you.
You were hungry.

You visited 1 branch of the dungeon, and saw 7 of its levels.

You collected 299 gold pieces.

Inventory:

Hand Weapons
 f - a +0 whip
 m - a +0 dagger of draining (weapon)
 p - a +3 short sword
 v - a +2 flail of draining
 E - a +2 rapier of venom
 H - a +0 shortbow
Missiles
 c - 42 arrows
 d - 24 bolts
 e - 283 stones (quivered)
Jewellery
 g - a ring of wizardry (right hand)
 h - a +4 ring of evasion (left hand)
 r - an amulet of rage (around neck)
 y - an uncursed ring of fire {unknown}
 A - a cursed ring of see invisible {unknown}
 B - an uncursed ring of fire {unknown}
 J - a +5 ring of evasion
 K - an uncursed ring of stealth {unknown}
Wands
 G - a wand of clouds (4)
Scrolls
 l - a scroll of teleportation {unknown}
 o - 3 scrolls of remove curse
 t - a scroll of fear
 w - 3 scrolls of fog {unknown}
 x - 3 scrolls of identify
 D - a scroll of immolation {unknown}
 F - a scroll of amnesia {unknown}
 I - a scroll of magic mapping {unknown}
 L - a scroll of enchant weapon {unknown}
Potions
 i - 3 potions of magic {unknown}
 j - a potion of heal wounds
 k - 2 potions of lignification {unknown}
 n - 5 potions of curing {unknown}
 q - 3 potions of brilliance {unknown}
 s - 2 potions of degeneration {unknown}
 u - 2 potions of haste {unknown}
 z - a potion of might {unknown}
 C - a potion of agility {unknown}
Books
 a - a book of Air

   Spells                             Type                      Level
   a - Shock                          Conjuration/Air              1
   b - Swiftness                      Charms/Air                   2
   c - Static Discharge               Conjuration/Air              3
   d - Airstrike                      Air                          4
   e - Lightning Bolt                 Conjuration/Air              5
Comestibles
 b - 9 rations


   Skills:
 + Level 3.9 Fighting
 + Level 2.0 Short Blades
 - Level 1.9 Dodging
 - Level 1.7 Stealth
 * Level 5.2 Spellcasting
 * Level 5.4 Conjurations
 * Level 6.2 Air Magic
 + Level 2.1 Invocations
 + Level 1.9 Evocations


You had 4 spell levels left.
You knew the following spells:

 Your Spells              Type           Power        Failure   Level  Hunger
a - Shock                 Conj/Air       ###.         1%          1    None
b - Static Discharge      Conj/Air       ###.....     1%          3    ##.....
c - Airstrike             Air            ####......   4%          4    ####...
d - Lightning Bolt        Conj/Air       ###.......   14%         5    ######.


Dungeon Overview and Level Annotations

Branches:
Dungeon (7/15)             Temple (0/1) D:7

Altars:
Makhleb
Nemelex Xobeh
Qazlal
Ru
Trog
Xom

Shops:
D:5 ?


Innate Abilities, Weirdness & Mutations

You can spit globs of acid.
You are resistant to acid.
Your golden yellow scales are hard. (AC +6)
You cannot fit into any form of body armour.
You are cold-blooded and may be slowed by cold attacks.


Message History

Confirm with . or Enter, or press ? or * to list all spells.
Aiming: Shock
Press: ? - help, Shift-Dir - straight line Something hits you but does no damage.
Something barely misses you.
Casting: Shock
Confirm with . or Enter, or press ? or * to list all spells.
You can't see any susceptible monsters within range! (Use Z to cast anyway.)
Casting: Shock
Confirm with . or Enter, or press ? or * to list all spells.
Aiming: Shock
Press: ? - help, Shift-Dir - straight line The zap hits something.
You hear some strange, mumbled words.
A puff of frost appears from out of thin air!
The puff of frost hits you!
* * * LOW HITPOINT WARNING * * *
You hear some strange, mumbled words.
A magic dart appears from out of thin air!
The magic dart hits you!
You die...

........####
.............
.............
.............
####.............
#..#.............
#..#.......).....
########..#.........##'#
#......@..#.........#..#
#.....##..#.....##'##..#
#.....##..#.....#......#
###'####..#.....'......#
#.........#.....#..##..#
#.........#.....#..#####
#.....##..#.....#..#....
#.....###'#.....#..#....
#####)##..#.....#..####'


There were no monsters in sight!

Vanquished Creatures
  A gargoyle (D:5)
  An orc warrior (D:3)
  A phantom (D:4)
  An ice beast (D:5)
  2 ogres
  A centaur (D:5)
  The ghost of Fortress the Conjurer, an amateur DrCj (D:3)
  A bullfrog (D:7)
  A scorpion (D:7)
  A crimson imp (D:5)
  3 hounds
  An orc priest (D:7)
  Jessica (D:2)
  Natasha (thrice) (D:2)
  Terence (D:2)
  An iguana (D:5)
  3 orc wizards
  3 worker ants
  A mummy (D:4)
  4 adders
  An ooze (D:5)
  4 worms
  A dart slug (D:1)
  3 leopard geckos
  18 orcs
  9 bats
  4 giant cockroaches
  7 hobgoblins
  3 quokkas
  4 ball pythons
  4 frilled lizards
  9 goblins
  8 kobolds
  2 leopard gecko skeletons
  4 rats
113 creatures vanquished.

Notes
Turn   | Place    | Note
-------+----------+-------------------------------------------
     0 | D:1      | Echep the Draconian Air Elementalist began the quest for the Orb.
     0 | D:1      | Reached XP level 1. HP: 14/14 MP: 3/3
   302 | D:1      | Reached XP level 2. HP: 18/22 MP: 0/5
  1067 | D:2      | Found a bloodstained altar of Trog.
  1067 | D:2      | Found a sparkling altar of Nemelex Xobeh.
  1070 | D:2      | Reached XP level 3. HP: 27/27 MP: 1/6
  1190 | D:2      | Learned a level 3 spell: Static Discharge
  1247 | D:2      | Noticed Natasha
  1258 | D:2      | Killed Natasha
  1258 | D:2      | Reached skill level 1 in Fighting
  1402 | D:2      | Found a stormy altar of Qazlal.
  1423 | D:2      | Noticed Terence
  1442 | D:2      | Killed Terence
  1442 | D:2      | Reached XP level 4. HP: 34/35 MP: 1/8
  1467 | D:2      | Became a worshipper of Qazlal Stormbringer
  1536 | D:2      | Noticed Natasha
  1608 | D:2      | Killed Natasha
  1734 | D:2      | Found a faded altar of an unknown god.
  1757 | D:2      | Found a shimmering altar of Xom.
  1776 | D:2      | Noticed Natasha
  1786 | D:2      | Killed Natasha
  1786 | D:2      | Reached XP level 5. HP: 23/41 MP: 1/9
  1922 | D:2      | Learned a level 4 spell: Airstrike
  1926 | D:2      | Noticed Jessica
  1930 | D:2      | Killed Jessica
  1930 | D:2      | Reached skill level 4 in Air Magic
  1999 | D:2      | Found a sacrificial altar of Ru.
  2203 | D:3      | Noticed an orc warrior
  2432 | D:3      | Reached * piety under Qazlal
  2677 | D:3      | Noticed Fortress's ghost (amateur DrCj)
  2733 | D:3      | Killed Fortress's ghost
  2733 | D:3      | Reached XP level 6. HP: 15/48 MP: 0/11
  3015 | D:3      | Found a burning altar of Makhleb.
  3143 | D:3      | Killed an orc warrior
  3641 | D:4      | Your scales start taking on a golden yellow colour.
  3641 | D:4      | Reached XP level 7. HP: 56/56 MP: 6/13
  3674 | D:4      | Found a sand-covered staircase.
  3678 | D:4      | Reached skill level 5 in Air Magic
  3738 | D:4      | Reached ** piety under Qazlal
  4523 | D:5      | Entered Level 5 of the Dungeon
  4823 | D:5      | Found Agot's Magic Scroll Shop.
  4870 | D:5      | HP: 1/57 [centaur/arrow (13)]
  5384 | D:5      | Reached skill level 1 in Invocations
  5401 | D:5      | Reached skill level 1 in Short Blades
  5401 | D:5      | Reached skill level 1 in Evocations
  5401 | D:5      | Reached XP level 8. HP: 31/63 MP: 6/15
  5549 | D:5      | Noticed a gargoyle
  5552 | D:5      | Killed a gargoyle
  5552 | D:5      | Reached skill level 5 in Spellcasting
  5552 | D:5      | Reached skill level 5 in Conjurations
  5552 | D:5      | Reached skill level 6 in Air Magic
  5702 | D:5      | Learned a level 5 spell: Lightning Bolt
  5912 | D:6      | You fall through a shaft!
  5924 | D:7      | Found a staircase to the Ecumenical Temple.
  6111 | D:7      | HP: 1/66 [something/puff of frost (7)]
  6111 | D:7      | Killed from afar by an orc wizard

Skill      XL: |  1  2  3  4  5  6  7  8 |
---------------+-------------------------+-----
Fighting       | 1 2 3 |  3.9
Conjurations   | 2 3 4 5 |  5.4
Spellcasting   | 3 4 5 |  5.2
Air Magic      | 4 5 6 |  6.2
Invocations    | 1 2 |  2.1
Short Blades   | 1 2 |  2.0
Evocations     | 1 |  1.9
Dodging        | |  1.9
Stealth        | |  1.7

Action                   |  1- 3 |  4- 6 |  7- 9 || total
-------------------------+-------+-------+-------++-------
Melee: Whip              |    15 |       |       ||    15
       Unarmed           |     6 |       |       ||     6
       Dagger            |    21 |    29 |     9 ||    59
       Tailslap          |     2 |     3 |     2 ||     7
Throw: Stone             |     6 |       |       ||     6
 Cast: Shock             |    58 |   147 |   113 ||   318
       Static Discharge  |     1 |     2 |     1 ||     4
       Airstrike         |       |       |     1 ||     1
 Abil: Breathe Acid      |       |       |     4 ||     4
  Use: Scroll            |     3 |       |       ||     3
  Eat: Chunk             |     2 |     8 |     4 ||    14
       Ration            |       |       |     1 ||     1
Armor: Skin              |     8 |     9 |     9 ||    26
Dodge: Dodged            |    33 |    29 |    26 ||    88
Block: Other             |       |     1 |     3 ||     4
